 Dungeon Crawl Stone Soup version 0.29.1-15-g9cfb28693d (webtiles) character file.

Game seed: 7199612127152955552

14168 BlackCrag the Eclecticist (level 11, -6/55 HPs)
             Began as a Deep Elf Earth Elementalist on Mar 12, 2023.
             Was an Elder of Vehumet.
             Shot with an arrow by Nessos (21 damage)
             ... on level 15 of the Dungeon.
             The game lasted 01:25:04 (12336 turns).

BlackCrag the Eclecticist (DEEE)                   Turns: 12336, Time: 01:25:05

Health: -6/55      AC: 10    Str:  5    XL:     11   Next: 85%
Magic:  40/41      EV: 13    Int: 25    God:    Vehumet [****..]
Gold:   736        SH:  0    Dex: 15    Spells: 16/41 levels left

rFire   + . .      SeeInvis .   p - staff of earth
rCold   + . .      Faith    .   (no shield)
rNeg    . . .      Spirit   .   P - +2 robe {rC+ rF+}
rPois   .          Reflect  .   v - +1 hat
rElec   .          Harm     .   r - +0 cloak
rCorr   .          Rampage  .   (no gloves)
Will    +....                   (no boots)
Stlth   ++........              a - amulet of magic regeneration
HPRegen 0.18/turn               o - +4 ring of protection
MPRegen 0.67/turn               F - ring of magical power

@: no status effects
A: no striking features
a: Renounce Religion


You were on level 15 of the Dungeon.
You worshipped Vehumet.
Vehumet was greatly pleased with you.
You visited 2 branches of the dungeon, and saw 14 of its levels.

You collected 736 gold pieces.

Inventory:

Missiles
 c - 4 javelins (quivered)
Armour
 r - a +0 cloak (worn)
 v - a +1 hat (worn)
 y - a +1 robe of positive energy
 G - an orb of guile
 M - an orb of light
 P - a +2 robe of resistance (worn)
Magical Staves
 p - a staff of earth (weapon)
Jewellery
 a - an amulet of magic regeneration (around neck)
 f - a ring of protection from fire
 g - the ring "Pokhlu Namyg" {Wiz Str+2}
   (You found it on level 5 of the Dungeon)

   [ring of wizardry]

   It improves your spell success rate.
   Str:       It affects your strength (+2).
 o - a +4 ring of protection (left hand)
 D - an amulet of guardian spirit
 F - a ring of magical power (right hand)
Wands
 j - a wand of light (29)
 l - a wand of flame (37)
 I - a wand of roots (5)
 L - a wand of digging (7)
Scrolls
 e - 2 scrolls of brand weapon
 h - a scroll of noise
 i - a scroll of acquirement {unknown}
 k - a scroll of enchant armour {unknown}
 n - 3 scrolls of summoning
 q - a scroll of vulnerability
 s - a scroll of poison {unknown}
 t - 3 scrolls of amnesia
 w - 3 scrolls of teleportation
 z - 2 scrolls of enchant weapon
 C - a scroll of fear
 H - a scroll of torment
 O - 2 scrolls of immolation {unknown}
Potions
 b - 5 potions of magic
 d - 2 potions of flight
 u - 2 potions of haste
 A - 2 potions of curing
 B - 2 potions of mutation {unknown}
 E - a potion of might {unknown}
 J - a potion of resistance {unknown}
 K - a potion of attraction {unknown}
 N - a potion of brilliance {unknown}


   Skills:
 + Level 0.4 Fighting
 + Level 1.5 Throwing
 + Level 3.0 Dodging
 + Level 3.6 Stealth
 * Level 15.6 Spellcasting
 * Level 7.6 Conjurations
 + Level 4.7 Hexes
 * Level 5.5 Summonings
 + Level 3.4 Transmutations
 + Level 0.3 Fire Magic
 * Level 12.2 Earth Magic
 + Level 1.3 Evocations


You had 16 spell levels left.
You knew the following spells:

 Your Spells              Type           Power      Damage    Failure   Level
a - Sandblast             Erth           100%       2d20      0%          1
b - Passwall              Tmut/Erth      60%        N/A       1%          2
c - Stone Arrow           Conj/Erth      100%       3d13      1%          3
d - Petrify               Tmut/Erth      73%        N/A       1%          4
e - Leda's Liquefaction   Hex/Erth       37%        N/A       1%          4
f - Call Canine Familiar  Summ           47%        N/A       1%          3
g - Inner Flame           Hex/Fire       32%        N/A       1%          3
i - Lee's Rapid Deconstr  Erth           44%        3d22*     1%          5

Your spell library contained the following spells:

 Spells                   Type           Power      Damage    Failure   Level
 Wereblood                Tmut           36%        N/A       1%          2
 Ignite Poison            Fire/Tmut/Pois 25%        N/A       1%          3
 Mephitic Cloud           Conj/Pois/Air  32%        N/A       1%          3
 Iskenderun's Mystic Bla  Conj/Tloc      38%        2d9       1%          4
 Portal Projectile        Hex/Tloc       62%        N/A       3%          3
 Sublimation of Blood     Necr           19%        N/A       4%          2
 Freezing Cloud           Conj/Ice/Air   16%        6-21      7%          5
 Summon Forest            Summ/Tloc      16%        N/A       24%         5
 Eringya's Noxious Bog    Tmut/Pois      14%        N/A       45%         6
 Summon Hydra             Summ           23%        N/A       94%         7


Dungeon Overview and Level Annotations

Branches:
Dungeon (12/15)            Temple (1/1) D:5            Lair (0/5) D:10
    Orc (0/2) D:12         Depths (0/4) D:15

Altars:
Ashenzari
Cheibriados
Dithmenos
Elyvilon
Fedhas
Gozag
Hepliaklqana
Kikubaaqudgha
Makhleb
Nemelex Xobeh
Okawaru
Qazlal
Ru
Sif Muna
Trog
Uskayaw
Vehumet
Wu Jian
Xom
Yredelemnul
Zin
The Shining One

Shops:
D:6 (   D:8 :(

Annotations:
D:15 Nessos


Message History

Found a staircase to the Orcish Mines.
A sourceless malevolence fills the Dungeon...
You fall into a shaft and drop 3 floors!
The shaft crumbles and collapses.
Your summoned ally is left behind.
As you read the scroll of magic mapping, it crumbles to dust.
You feel aware of your surroundings.
You sensed 1 altar.
A hornet simulacrum comes into view.
Casting: Call Canine Familiar (safe; 1% risk of failure)
Confirm with . or Enter, or press ? or * to list all spells.
Aiming: Stone Arrow (safe; 1% risk of failure)
Press: ? - help, Shift-Dir - straight line, f - hornet simulacrum
Aim: a hornet simulacrum (81% to hit)
You feel a surge of power!
The stone arrow hits the hornet simulacrum!!
The hornet simulacrum vaporises!
Vehumet accepts your kill.
Found 6 atropa-tipped darts.
Nessos the Markscentaur comes into view.
Nessos shouts!
Nessos mumbles some strange words.
Nessos seems to speed up.
Nessos casts a spell.
Nessos blinks!
Casting: Stone Arrow (safe; 1% risk of failure)
Confirm with . or Enter, or press ? or * to list all spells.
Nessos wields a +3 longbow of flaming.
It bursts into flame!
Nessos shoots an arrow.
The arrow hits you! The arrow burns you.
You are poisoned.
Nessos shoots an arrow.
The arrow hits you!
You are lethally poisoned!
You feel extremely sick.
Nessos shoots an arrow.
The arrow hits you!
* * * LOW HITPOINT WARNING * * *
The arrow burns you.
* * * LOW HITPOINT WARNING * * *
Nessos shoots an arrow.
The arrow hits your wolf! The arrow burns your wolf.
Your wolf is poisoned.
You feel better.
Nessos shoots an arrow.
The arrow barely misses your wolf. The arrow hits you!!
You die...

*,,**,*~~~*,* *** **~~**
**,##.#*~**,* ****
*,,...#***,**************
*,,,...,,,,**,,,,,,,*,,,*
*,,,<..#**,**,,,,,~,*,~,*
*,**,*..**,**,,,,,,,*,,,*
*.,,,*#.**,****.(###+***,
*....##.#######.....#,,,*
*..c.h..@.....#...≈.*,~,*
***###.##^#..##.#.....*,,,*
*,,,,,,*#.#..##....#**,***>
*,,,,,,,..##.......#,,** **
*,,,,,,###*#.......#,,*###*
*,,,,,,* #####....####..,,
*,,,,,,* #.............#**
******** #...........#.#
#......###~...#**


You could see Nessos (fast, ally target) and a friendly wolf (summoned, very
poisoned).

Vanquished Creatures
  Snorg (D:10)
  A hydra (D:10)
  A boulder beetle (D:12)
  3 two-headed ogres
  Nergalle (D:10)
  Pikel (D:7)
  Maggie (D:10)
  2 gargoyles
  A kobold demonologist (D:9)
  A hornet (D:10)
  Prince Ribbit (D:5)
  Sigmund (D:2)
  A shadow (D:8)
  A wraith (D:10)
  16 yaks
  A wyvern (D:11)
  4 vampire mosquitoes (D:11)
  A steam dragon (D:9)
  Menkaure (D:5)
  A water moccasin (D:9)
  A sky beast (D:7)
  A black bear (D:8)
  5 orc warriors
  2 ogres
  5 centaurs
  A phantom (D:5)
  2 kobold brigands
  4 bullfrogs
  2 scorpions
  A gnoll sergeant (D:6)
  4 necrophages
  9 wights
  A hornet simulacrum (D:15)
  An electric eel (D:9)
  5 killer bees
  7 howler monkeys
  4 orc priests
  2 jellies
  2 gnoll boudas
  2 iguanas
  12 orc wizards
  Ijyb (D:4)
  13 gnolls
  5 adders
  3 white imps
  3 ufetubi
  2 dart slugs (D:4)
  36 orcs
  11 endoplasms
  A giant cockroach (D:4)
  4 goblins
  7 hobgoblins
  5 jackals
  17 kobolds
  4 quokkas
  2 ball pythons
  2 bats
  A frilled lizard (D:1)
  A rat (D:2)
232 creatures vanquished.

Vanquished Creatures (collateral kills)
  A vampire (D:11)
  A kobold brigand (D:9)
  A howler monkey (D:7)
  A gnoll (D:7)
  2 orcs
  2 kobolds
8 creatures vanquished.

Vanquished Creatures (others)
  2 killer bees (D:10)
2 creatures vanquished.

Grand Total: 242 creatures vanquished

Notes
Turn   | Place    | Note
-------+----------+-------------------------------------------
     0 | D:1      | BlackCrag the Deep Elf Earth Elementalist began the quest
                  | for the Orb.
     0 | D:1      | Reached XP level 1. HP: 10/10 MP: 6/6
   297 | D:1      | Reached XP level 2. HP: 13/15 MP: 6/8
   609 | D:1      | Learned a level 2 spell: Passwall
  1324 | D:2      | Noticed Sigmund
  1338 | D:2      | Killed Sigmund
  1339 | D:2      | Reached skill level 5 in Spellcasting
  1339 | D:2      | Reached skill level 5 in Earth Magic
  1339 | D:2      | Reached XP level 3. HP: 7/19 MP: 4/12
  1339 | D:2      | Reached XP level 4. HP: 9/24 MP: 4/13
  1339 | D:2      | Reached XP level 5. HP: 11/28 MP: 4/15
  1618 | D:2      | Learned a level 3 spell: Stone Arrow
  1623 | D:2      | Learned a level 4 spell: Petrify
  1690 | D:2      | Found a stormy altar of Qazlal.
  1835 | D:2      | Found a faded altar of an unknown god.
  2639 | D:3      | Reached skill level 6 in Spellcasting
  3045 | D:3      | Reached XP level 6. HP: 32/32 MP: 13/17
  3204 | D:4      | Noticed Ijyb
  3231 | D:4      | Killed Ijyb
  3492 | D:4      | Reached skill level 1 in Conjurations
  3919 | D:4      | Reached skill level 7 in Spellcasting
  4051 | D:4      | Reached skill level 1 in Throwing
  4156 | D:4      | Learned a level 4 spell: Leda's Liquefaction
  4241 | D:4      | Reached XP level 7. HP: 36/36 MP: 8/19
  4713 | D:5      | Entered Level 5 of the Dungeon
  4812 | D:5      | Identified the ring "Pokhlu Namyg" {Wiz Str+2}
  4933 | D:5      | Found a staircase to the Ecumenical Temple.
  4944 | Temple   | Entered the Ecumenical Temple
  5018 | Temple   | Became a worshipper of Vehumet
  5091 | D:5      | Reached skill level 1 in Hexes
  5183 | D:5      | Noticed Prince Ribbit
  5188 | D:5      | Killed Prince Ribbit
  5189 | D:5      | Reached skill level 8 in Spellcasting
  5414 | D:5      | Noticed Menkaure
  5421 | D:5      | Killed Menkaure
  5422 | D:5      | Reached skill level 9 in Spellcasting
  5422 | D:5      | Reached XP level 8. HP: 41/41 MP: 9/23
  6435 | D:6      | Reached * piety under Vehumet
  6435 | D:6      | Offered knowledge of Magic Dart by Vehumet.
  6439 | D:6      | Reached skill level 10 in Spellcasting
  6671 | D:6      | Learned a level 3 spell: Call Canine Familiar
  6698 | D:6      | Found an ancient bone altar of Kikubaaqudgha.
  6778 | D:6      | Found Gostreklo's Weapon Boutique.
  6808 | D:6      | Reached XP level 9. HP: 45/45 MP: 21/25
  7951 | D:7      | Reached skill level 11 in Spellcasting
  7951 | D:7      | Offered knowledge of Poisonous Vapours by Vehumet.
  7952 | D:7      | Reached ** piety under Vehumet
  8047 | D:7      | Reached skill level 1 in Summonings
  8098 | D:7      | Noticed Pikel
  8102 | D:7      | Killed Pikel
  8103 | D:7      | Reached skill level 5 in Conjurations
  8604 | D:8      | Found Juar's Antique Weapon Shop.
  8739 | D:8      | Found Erupses's Self-Improvement Boutique.
  8765 | D:8      | Reached XP level 10. HP: 50/50 MP: 27/27
  8852 | D:8      | Offered knowledge of Inner Flame by Vehumet.
  8859 | D:8      | Learned a level 3 spell: Inner Flame
  8994 | D:8      | Reached skill level 12 in Spellcasting
  9024 | D:8      | Reached skill level 10 in Earth Magic
  9401 | D:8      | Found a hide-covered altar of Uskayaw.
  9401 | D:8      | Found an iron altar of Okawaru.
  9401 | D:8      | Found a sacrificial altar of Ru.
  9704 | D:9      | Reached *** piety under Vehumet
  9811 | D:9      | Reached skill level 1 in Evocations
 10024 | D:9      | Reached skill level 13 in Spellcasting
 10098 | D:9      | Offered knowledge of Iskenderun's Mystic Blast by Vehumet.
 10104 | D:9      | Learned a level 4 spell: Iskenderun's Mystic Blast
 10542 | D:10     | Entered Level 10 of the Dungeon
 10559 | D:10     | Noticed a two-headed ogre
 10584 | D:10     | Noticed Snorg
 10637 | D:10     | Noticed Maggie
 10645 | D:10     | Killed Maggie
 10707 | D:10     | Killed Snorg
 10797 | D:10     | Killed a two-headed ogre
 10798 | D:10     | Reached XP level 11. HP: 54/54 MP: 29/30
 10840 | D:10     | Found a hazy altar of Hepliaklqana.
 10885 | D:10     | Noticed a two-headed ogre
 10893 | D:10     | Killed a two-headed ogre
 10894 | D:10     | Reached skill level 14 in Spellcasting
 10927 | D:10     | Found a shadowy altar of Dithmenos.
 11110 | D:10     | Found a staircase to the Lair.
 11220 | D:10     | Reached **** piety under Vehumet
 11295 | D:10     | Offered knowledge of Lee's Rapid Deconstruction by Vehumet.
 11314 | D:10     | Learned a level 5 spell: Lee's Rapid Deconstruction
 11471 | D:10     | Noticed a four-headed hydra
 11478 | D:10     | Killed a four-headed hydra
 11479 | D:10     | Reached skill level 5 in Summonings
 11614 | D:10     | Found a bloodstained altar of Trog.
 11616 | D:10     | Noticed Nergalle
 11620 | D:10     | Killed Nergalle
 11621 | D:10     | Reached skill level 15 in Spellcasting
 12049 | D:12     | Noticed a two-headed ogre
 12057 | D:12     | Killed a two-headed ogre
 12059 | D:12     | Noticed a boulder beetle
 12069 | D:12     | Killed a boulder beetle
 12319 | D:12     | Found a staircase to the Orcish Mines.
 12319 | D:12     | You fall into a shaft and drop 3 floors!
 12319 | D:15     | Entered Level 15 of the Dungeon
 12333 | D:15     | Noticed Nessos
 12336 | D:15     | Shot with an arrow by Nessos

Illustrated notes

Levels and vault maps discovered:
D:1:      dpeg_arrival_central, layout_loops_corners
D:2:      layout_basic, basic_altar, shapermc_ecumenical_altar_mp_urbaneastern,
          uniq_sigmund
D:3:      layout_loops_ring, columned_hall_lemuel
D:4:      wander_river, layout_loops_ring, hangedman_abyss_or_decor_stagger,
          chequers_serial_rivers_micro_a, uniq_ijyb
D:5:      layout_gridville, minmay_temple_entry_junction_2,
          chequers_decorated_corner, uniq_prince_ribbit1, uniq_menkaure
D:6:      layout_loops_corners, kiku_gazebo_pond_becter, serial_shops,
          kennysheep_mini_moat
D:7:      layout_gridville, uniq_pikel
D:8:      layout_loops_ring, gammafunk_temple_overflow_claw, serial_shops, shop,
          nicolae_shop_self_help
D:9:      layout_basic, minmay_crystal_water
D:10:     layout_loops_ring, lightli_temple_of_fire,
          mainiacjoe_overflow_alcove_1, mainiacjoe_overflow_tiny_flanked,
          lair_entry_dummy, minmay_between, uniq_maggie, uniq_snorg,
          uniq_nergalle
D:11:     layout_roguey, special_room [special_room_kobold],
          minmay_unpleasant_kobolds
D:12:     layout_grid_maze, david_orc_3, minmay_stone_trees_small,
          library_closet
D:15:     hangedman_depths_entry_try_elsewhere_first, layout_basic,
          st_stairs_11, trog_three_pillars_becter, uniq_nessos
Temple:   nicolae_temple_superstar

Skill      XL: |  1  2  3  4  5  6  7  8  9 10 11 |
---------------+----------------------------------+-----
Spellcasting   | 5 6 7 9 10 11 13 15 | 15.6
Earth Magic    | 5 6 8 9 11 12 | 12.2
Conjurations   | 1 2 4 5 6 7 |  7.6
Throwing       | 1 |  1.5
Stealth        | 3 |  3.6
Hexes          | 2 4 |  4.7
Summonings     | 2 4 5 |  5.5
Transmutations | 2 3 |  3.4
Evocations     | 1 |  1.3
Dodging        | 3 |  3.0
Fighting       | |  0.4
Fire Magic     | |  0.3

Action                   |  1- 3 |  4- 6 |  7- 9 | 10-12 || total
-------------------------+-------+-------+-------+-------++-------
Melee: Staff             |       |     1 |     1 |     1 ||     3
Throw: Javelin           |     7 |     7 |    15 |    11 ||    40
       Throwing net      |       |       |       |     1 ||     1
 Cast: Sandblast         |    23 |    26 |    47 |    29 ||   125
       Passwall          |     3 |     3 |     5 |     1 ||    12
       Stone Arrow       |       |    34 |   100 |   141 ||   275
       Petrify           |       |     2 |    13 |    21 ||    36
       Leda's Liquefacti |       |       |     4 |     5 ||     9
       Call Canine Famil |       |       |     6 |    12 ||    18
       Inner Flame       |       |       |       |     8 ||     8
       Lee's Rapid Decon |       |       |       |     7 ||     7
Evoke: Wand              |       |       |       |     5 ||     5
  Use: Scroll            |       |     3 |     5 |    10 ||    18
       Potion            |       |       |       |     2 ||     2
Armor: Robe              |     1 |     5 |     5 |    28 ||    39
Dodge: Dodged            |     2 |    13 |    11 |    41 ||    67
